 Dungeon Crawl Stone Soup version 0.30.0-16-gbe6223bb7e (webtiles) character file.

Game seed: 2015369379290778998

121 Demosthentine the Ducker (level 4, -6/35 HPs)
             Began as a Demonspawn Gladiator on May 20, 2023.
             Mangled by a gnoll
             ... wielding a +0 halberd
              (8 damage)
             ... on level 3 of the Dungeon.
             The game lasted 00:01:36 (1791 turns).

Demosthentine the Ducker (Demonspawn Gladiator)     Turns: 1791, Time: 00:01:37

Health: -6/35      AC:  8    Str: 16    XL:     4   Next: 76%
Magic:  4/4        EV: 12    Int: 10    God:
Gold:   129        SH:  0    Dex: 14    Spells: 3/3 levels left

rFire   . . .        a - +1 trident
rCold   . . .        (no shield)
rNeg    . . .        b - +0 leather armour
rPois   .            (helmet restricted)
rElec   .            (no cloak)
rCorr   .            (no gloves)
SInv    .            g - +2 pair of boots
Will    .....        (no amulet)
Stlth   +            (no ring)
HPRegen 0.25/turn    (no ring)
MPRegen 0.09/turn

%: no passive effects
@: no status effects
A: horns 1, molten scales 1
a: no special abilities


You were on level 3 of the Dungeon.
You visited 1 branch of the dungeon, and saw 3 of its levels.

You collected 146 gold pieces.
You spent 17 gold pieces at shops.

Inventory:

Hand Weapons
 a - a +1 trident (weapon)
Missiles
 d - 3 throwing nets (quivered)
 e - a javelin
 l - 2 silver boomerangs
Armour
 b - a +0 leather armour (worn)
 g - a +2 pair of boots (worn)
Scrolls
 c - a scroll of fear
 i - a scroll of identify
 j - a scroll of teleportation
Potions
 f - 2 potions of curing {unknown}
 h - a potion of brilliance
 k - 4 potions of haste {unknown}


   Skills:
 + Level 3.0 Fighting
 + Level 3.4 Polearms
 - Level 1.7 Throwing
 + Level 1.8 Armour
 + Level 3.4 Dodging


You had 3 spell levels left.
You didn't know any spells.
Your spell library was empty.

Dungeon Overview and Level Annotations

Branches:
Dungeon (3/15)

Altars:
Xom

Shops:
D:2 (*


Innate Abilities, Weirdness & Mutations

You have a pair of small horns on your head.
You are partially covered in molten scales. (AC +2)


Message History

You hit the wight.
The wight is severely damaged.
The wight hits you but does no damage.
You closely miss the wight. Your headbutt misses the wight.
The wight is severely damaged.
The wight closely misses you.
You closely miss the wight.
You headbutt the wight, but do no damage.
The wight is severely damaged.
The wight closely misses you.
You puncture the wight!
You destroy the wight!
Your Fighting skill increases to level 3!
You have reached level 4!
You feel clever.
Things that are here:
a +0 dagger; a +0 robe
There is a stone staircase leading down here.
Things that are here:
a +0 dagger; a +0 robe You start resting.
HP restored.
There is a stone staircase leading down here.
You climb downwards.
The gnoll misses you.
There is a stone staircase leading up here.
The gnoll hits you but does no damage.
You hit the wight.
The wight is moderately damaged.
The gnoll barely misses you. The wight hits you with a +2 flail!
The wight completely misses you. The gnoll hits you with a +0 halberd!
You hit the wight.
The wight is severely damaged.
The gnoll misses you. The wight hits you with a +2 flail!
You hit the wight.
The wight is almost destroyed.
The gnoll closely misses you. The wight hits you with a +2 flail!
* * * LOW HITPOINT WARNING * * *
Unknown command.
The gnoll hits you from afar with a +0 halberd!
You die...

######.#....................#
#............................
#..............z.########....
#............g...# #....
#........######### ####.
#........# #.
######.########## #.
#.###......# ## #..)gz.@...#
#####g.....# #......#
#......# #......# #......#
########


You could see a wight and 2 gnolls.

Vanquished Creatures
  A wight (D:2)
  2 gnolls (D:3)
  An adder (D:2)
  A worm (D:3)
  A dart slug (D:1)
  An orc (D:3)
  4 ball pythons
  A bat (D:2)
  4 endoplasms (D:1)
  2 giant cockroaches (D:1)
  3 goblins
  2 hobgoblins
  A kobold (D:1)
  2 quokkas (D:1)
  A frilled lizard (D:3)
  4 rats
31 creatures vanquished.

Notes
Turn   | Place    | Note
-------+----------+-------------------------------------------
     0 | D:1      | Demosthentine the Demonspawn Gladiator began the quest for
                  | the Orb.
     0 | D:1      | Reached XP level 1. HP: 16/16 MP: 1/1
   309 | D:1      | Gained mutation: You have a pair of small horns on your
                  | head. [demonic ancestry]
   309 | D:1      | Reached XP level 2. HP: 22/22 MP: 2/2
  1126 | D:2      | Reached skill level 1 in Armour
  1168 | D:2      | Found Ucreb's Assorted Antiques.
  1175 | D:2      | Bought a purple potion for 17 gold pieces
  1220 | D:2      | Found Gah Zoaq's Weapon Shoppe.
  1244 | D:2      | Gained mutation: You are partially covered in molten
                  | scales. (AC +2) [demonic ancestry]
  1244 | D:2      | Reached XP level 3. HP: 22/28 MP: 3/3
  1327 | D:2      | Identified the +7 short sword of Qogadon {venom, Contam
                  | rElec Stlth+}
  1427 | D:2      | Found a shimmering altar of Xom.
  1663 | D:3      | Noticed a wight
  1663 | D:3      | Noticed a wight
  1663 | D:3      | Noticed a wight
  1719 | D:2      | Killed a wight
  1720 | D:2      | Reached XP level 4. HP: 19/35 MP: 4/4
  1791 | D:3      | Mangled by a gnoll

Illustrated notes

Levels and vault maps discovered:
D:1:      tekkud_arrival_beachfront_property, layout_basic,
          minmay_misc_feat_roman
D:2:      layout_rooms, serial_shops, shop, shop, basic_altar
D:3:      layout_basic, lightli_temple_of_fire, uniq_terence

Skill      XL: |  1  2  3 |
---------------+----------+-----
Polearms       | 3 |  3.4
Dodging        | 3 |  3.4
Armour         | 1 |  1.8
Fighting       | 3 |  3.0
Throwing       | |  1.7

Action                     |  1- 3 |  4- 6 || total
---------------------------+-------+-------++-------
  Melee: Trident           |   103 |     3 ||   106
         Headbutt          |    13 |       ||    13
    Use: Scroll            |     7 |       ||     7
   Stab: Sleeping          |     2 |       ||     2
 Armour: Leather armour    |    24 |     1 ||    25
  Dodge: Dodged            |    43 |     5 ||    48
